 Dungeon Crawl Stone Soup version 0.16-a0-715-g16937c4 (webtiles) character file.

2065 Ratboiler the Martial Artist (level 9, -4/53 HPs)
             Began as an Octopode Transmuter on Sept 21, 2014.
             Was an Elder of Ru.
             Slain by a hippogriff (8 damage)
             ... on Level 7 of the Dungeon.
             The game lasted 00:34:37 (9337 turns).

Ratboiler the Martial Artist (Octopode Transmuter)  Turns: 9337, Time: 00:34:37

HP  -4/53        AC -2     Str  9      XL: 9   Next: 26%
MP  11/14        EV 12     Int 18      God: Ru [****..]
Gold 276         SH  0     Dex 13      Spells:  3 memorised,  6 levels left

rFire  x . .     SeeInvis .       - Unarmed
rCold  + . .     Clarity  +     (no shield)
rNeg   . . .     rCorr    .     (helmet restricted)
rPois  .         rRot     .     r - amulet of clarity
rElec  .         Spirit   .     C - ring of ice
SustAb .         Warding  .     E - ring of teleport control
rMut   .         Stasis   .     (no ring)
Gourm  .                        (no ring)
MR     .....                    (no ring)
                                (no ring)
                                (no ring)
                                (no ring)

@: exhausted, not resistant to hostile enchantments, unstealthy
A: almost no armour, amphibious, 8 rings, constrict 8, camouflage 1, gelatinous
body 1, inability to use devices, no conjurations magic, no earth magic, no
transmutations magic, vulnerability to harm 1
a: Draw Out Power, Power Leap, Renounce Religion


You were on level 7 of the Dungeon.
You worshipped Ru.
Ru was greatly pleased with you.
You were not hungry.

You visited 1 branch of the dungeon, and saw 7 of its levels.
You also visited: Ossuary.

You collected 276 gold pieces.

Inventory:

Missiles
 b - 98 arrows
 k - 5 needles of sleeping
 l - 32 poisoned needles
 G - 2 throwing nets (quivered)
Comestibles
 a - 3 bread rations
 c - 2 meat rations
 j - a fruit
 K - a slice of pizza
 M - 4 chunks of ogre flesh
Scrolls
 f - a scroll of magic mapping {unknown}
 m - 2 scrolls of teleportation
 p - 2 scrolls of fear {unknown}
 s - 3 scrolls of recharging {unknown}
 t - 4 scrolls of noise {unknown}
 u - 5 scrolls of remove curse
 w - a scroll of random uselessness {unknown}
 y - 5 scrolls of identify {unknown}
 D - a scroll of amnesia {unknown}
 F - a scroll of torment {unknown}
Jewellery
 r - an amulet of clarity (around mantle)
 C - a ring of ice (left tentacle)
 E - a ring of teleport control (right tentacle)
 I - an uncursed amulet of the gourmand
Potions
 e - a potion of brilliance {unknown}
 g - a potion of magic {unknown}
 h - 4 potions of curing
 i - 3 potions of lignification {unknown}
 n - 4 potions of agility {unknown}
 q - 2 potions of might {unknown}
 v - 3 potions of resistance {unknown}
 x - 3 potions of heal wounds {unknown}
 z - a potion of cancellation {unknown}
 A - 3 potions of poison {unknown}
 B - 2 potions of degeneration {unknown}
 H - 2 potions of invisibility {unknown}
Books
 d - a book of Changes

   Spells                             Type                      Level
   Beastly Appendage                  Transmutation                1
   Sticks to Snakes                   Transmutation                2
   Spider Form                        Transmutation/Poison         3
   Ice Form                           Ice/Transmutation            4
   Blade Hands                        Transmutation                5
 o - a book of Minor Magic

   Spells                             Type                      Level
   Magic Dart                         Conjuration                  1
   *Blink                             Translocation                2
   *Call Imp                          Summoning                    2
   *Repel Missiles                    Charms/Air                   2
   Slow                               Hexes                        2
   Conjure Flame                      Conjuration/Fire             3
   Mephitic Cloud                     Conjuration/Poison/Air       3
 L - a book of Frost

   Spells                             Type                      Level
   Freeze                             Ice                          1
   Throw Frost                        Conjuration/Ice              2
   Ozocubu's Armour                   Charms/Ice                   3
   Throw Icicle                       Conjuration/Ice              4
   Summon Ice Beast                   Ice/Summoning                4
   Condensation Shield                Ice                          4
Magical staves
 J - an uncursed staff of death


   Skills:
 + Level 1.2 Fighting
 + Level 2.2 Dodging
 + Level 11.1 Unarmed Combat
 - Level 2.0 Spellcasting


You had 6 spell levels left.
You knew the following spells:

 Your Spells              Type           Power        Failure   Level  Hunger
a - Blink                 Tloc           N/A          28%         2    ##.....
b - Call Imp              Summ           #.......     28%         2    ##.....
d - Repel Missiles        Chrm/Air       #.....       28%         2    ##.....


Dungeon Overview and Level Annotations

Branches:
Dungeon (7/15)             Temple (0/1) D:7

Altars:
Fedhas
Kikubaaqudgha
Makhleb
Nemelex Xobeh
Okawaru
Ru
Sif Muna
Vehumet
Yredelemnul
The Shining One

Annotations:
D:5 exclusion: statue


Innate Abilities, Weirdness & Mutations

You cannot wear most types of armour.
You are amphibious.
You can wear up to eight rings at the same time.
You can use your tentacles to constrict many enemies at once.
Your skin changes colour to match your surroundings (Stealth).
Your rubbery body absorbs attacks (AC +1).
You cannot study or use magical devices.
You cannot study or cast Conjurations magic.
You cannot study or cast Earth magic.
You cannot study or cast Transmutations magic.
You take slightly more damage. (-3 AC)


Message History

You redirect the orc wizard's attack!
The orc wizard hits the hippogriff with a dagger.
Unknown command.
Drink which item? (? for menu, Esc to quit)
You feel better. The orc wizard hits you with a dagger.
* * * LOW HITPOINT WARNING * * *
The hippogriff bites you.
* * * LOW HITPOINT WARNING * * *
The hippogriff closely misses you. The hippogriff claws you!
* * * LOW HITPOINT WARNING * * *
Unknown command.
Unknown command.
The orc wizard closely misses you.
The orc wizard is stunned by your will and fails to attack.
The orc wizard gestures at you while chanting.
The magic dart hits you!
* * * LOW HITPOINT WARNING * * *
The orc wizard is blinded in retribution by your aura!
The hippogriff bites you!
You die...

...##....##.........#...##.#
..8 #...............#.#B##.#
#.............[.....##.#
#...##.).....#......##.#
##.###.#####.#.........# ..
#.# #.##.Bo###### #..
#.#####...........# #..
#....######.#####.#
####...@H.........#
#.######.####..# ... ...#
...## #### ?.... .....#
..oo... o..... #..


You could see a hippogriff.

Vanquished Creatures
  An orc warrior (D:6)
  A black bear (D:6)
  2 phantoms
  2 ice beasts
  4 ogres
  2 centaurs (D:7)
  A giant frog (D:6)
  A scorpion (D:4)
  2 quasits
  5 crimson imps
  A hound (D:5)
  A gnoll shaman (D:6)
  2 orc priests
  A jelly (D:7)
  3 orc wizards
  A worker ant (D:5)
  3 mummies (Ossuary)
  12 adders
  5 gnolls (D:6)
  3 shadow imps
  4 giant mites
  3 worms
  4 adder zombies (Ossuary)
  2 oozes (D:2)
  21 orcs
  3 ball pythons
  8 bats
  A bat skeleton (D:7)
  5 giant cockroaches
  13 goblins
  16 hobgoblins
  7 jackals
  12 kobolds
  5 quokkas
  7 giant geckos
  5 giant newts
  A goblin skeleton (D:7)
  3 goblin zombies
  3 hobgoblin skeletons
  4 hobgoblin zombies
  2 kobold skeletons (D:7)
  4 kobold zombies
  An orc skeleton (D:5)
  An orc zombie (D:7)
  5 quokka zombies
  15 rats
  2 rat zombies (Ossuary)
210 creatures vanquished.

Notes
Turn   | Place    | Note
--------------------------------------------------------------
     0 | D:1      | Ratboiler, the Octopode Transmuter, began the quest for the Orb.
     0 | D:1      | Reached XP level 1. HP: 13/13 MP: 3/3
   193 | D:1      | Reached XP level 2. HP: 16/18 MP: 4/4
   202 | D:1      | Learned a level 2 spell: Sticks to Snakes
   691 | D:2      | Found a sacrificial altar of Ru.
   696 | D:1      | Reached XP level 3. HP: 16/23 MP: 4/6
   942 | D:2      | Became a worshipper of Ru the Awakened
  1073 | D:2      | Learned a level 3 spell: Spider Form
  1427 | D:2      | Found a deep blue altar of Sif Muna.
  1428 | D:2      | Found an iron altar of Okawaru.
  1449 | D:2      | Reached skill level 4 in Unarmed Combat
  1520 | D:2      | Reached XP level 4. HP: 15/28 MP: 3/7
  2537 | D:3      | Gained mutation: You cannot study or use magical devices. [Ru sacrifice]
  2537 | D:3      | Acquired Ru's first power
  2537 | D:3      | Acquired Ru's second power
  2730 | D:3      | Reached XP level 5. HP: 22/33 MP: 2/9
  2825 | D:3      | Learned a level 2 spell: Repel Missiles
  3101 | D:3      | Reached skill level 5 in Unarmed Combat
  3877 | D:4      | Reached XP level 6. HP: 35/38 MP: 7/10
  4309 | D:4      | Noticed a phantom
  4328 | D:4      | Killed a phantom
  4476 | D:4      | Reached skill level 5 in Transmutations
  4476 | D:4      | Reached XP level 7. HP: 33/43 MP: 8/12
  4736 | D:4      | Reached skill level 6 in Unarmed Combat
  4949 | D:5      | Entered Level 5 of the Dungeon
  5011 | D:5      | Gained mutation: You take slightly more damage. (-3 AC) [Ru sacrifice]
  5011 | D:5      | Acquired Ru's third power
  5205 | D:5      | Reached skill level 7 in Unarmed Combat
  5890 | D:5      | Reached skill level 8 in Unarmed Combat
  5890 | D:5      | Reached XP level 8. HP: 31/48 MP: 10/13
  6404 | D:5      | Found a radiant altar of Vehumet.
  6471 | D:5      | Found a blossoming altar of Fedhas.
  7031 | D:6      | Found a sand-covered staircase.
  7036 | Ossuary  | Entered an ossuary
  7194 | Ossuary  | Reached skill level 9 in Unarmed Combat
  7208 | Ossuary  | Gained mutation: You cannot study or cast Conjurations magic. [Ru sacrifice]
  7208 | Ossuary  | Gained mutation: You cannot study or cast Transmutations magic. [Ru sacrifice]
  7208 | Ossuary  | Gained mutation: You cannot study or cast Earth magic. [Ru sacrifice]
  7208 | Ossuary  | Acquired Ru's fourth power
  8146 | D:6      | Reached skill level 10 in Unarmed Combat
  8249 | D:6      | Learned a level 2 spell: Blink
  8252 | D:6      | Learned a level 2 spell: Call Imp
  8405 | D:6      | Found a basalt altar of Yredelemnul.
  8438 | D:6      | Reached XP level 9. HP: 35/53 MP: 8/14
  8820 | D:7      | Found an ancient bone altar of Kikubaaqudgha.
  8833 | D:7      | Found a glowing golden altar of the Shining One.
  9085 | D:7      | Reached skill level 11 in Unarmed Combat
  9133 | D:7      | Found a staircase to the Ecumenical Temple.
  9178 | D:7      | Found a sparkling altar of Nemelex Xobeh.
  9240 | D:7      | Found a burning altar of Makhleb.
  9337 | D:7      | Slain by a hippogriff

Action                   |  1- 3 |  4- 6 |  7- 9 || total
-------------------------+-------+-------+-------++-------
Melee: Unarmed           |    86 |   168 |   302 ||   556
 Cast: Beastly Appendage |    10 |     8 |     1 ||    19
       Spider Form       |     1 |     8 |    15 ||    24
       Repel Missiles    |       |       |     1 ||     1
Invok: Sacrifice Artific |       |     1 |       ||     1
       Sacrifice Health  |       |       |     1 ||     1
       Power Leap        |       |       |    10 ||    10
       Draw Out Power    |       |       |     1 ||     1
       Sacrifice Arcana  |       |       |     1 ||     1
  Use: Scroll            |       |       |     2 ||     2
       Potion            |       |       |     2 ||     2
 Stab: Sleeping          |     3 |     4 |     6 ||    13
       Invisible         |       |     2 |     5 ||     7
       Distracted        |       |     1 |     1 ||     2
  Eat: Chunk             |     2 |     6 |    14 ||    22
       Beef jerky        |       |     2 |     1 ||     3
       Pizza             |       |     1 |       ||     1
       Fruit             |       |       |     4 ||     4
